 Dungeon Crawl Stone Soup version 0.24-a0-447-ge8da9206dc (webtiles) character file.

Game seed: 12930550917925223099

64 Krouwed the Sneak (level 3, -2/27 HPs)
             Began as a Vampire Assassin on June 24, 2019.
             Slain by a gnoll
             ... wielding a +0 spear
              (7 damage)
             ... on level 2 of the Dungeon.
             The game lasted 00:02:58 (1001 turns).

Krouwed the Sneak (Vampire Assassin)                Turns: 1001, Time: 00:02:58

Health: -2/27      AC:  3    Str: 11    XL:     3   Next: 91%
Magic:  3/3        EV: 12    Int: 13    God:
Gold:   30         SH:  0    Dex: 15    Spells: 2/2 levels left

rFire    . . .     SeeInvis +   a - +2 dagger
rCold    . . .     Gourm    .   (no shield)
rNeg     . . .     Faith    .   b - +0 robe
rPois    .         Spirit   .   (no helmet)
rElec    .         Reflect  .   c - +0 cloak
rCorr    .         Harm     .   (no gloves)
MR       .....                  (no boots)
Stlth    +++.......             (no amulet)
HPRegen  0.29/turn              (no ring)
MPRegen  0.08/turn              (no ring)

@: regenerating quickly
A: no food, fangs 3, see invisible, unbreathing
a: Exsanguinate


You were on level 2 of the Dungeon.
You were alive.

You visited 1 branch of the dungeon, and saw 2 of its levels.

You collected 30 gold pieces.

Inventory:

Hand Weapons
 a - a +2 dagger (weapon)
Missiles
 d - 33 poisoned darts (quivered)
 e - 2 curare-tipped darts
Armour
 b - a +0 robe (worn)
 c - a +0 cloak (worn)
 n - a +0 shield
Scrolls
 f - a scroll of teleportation {unknown}
 i - a scroll of identify
 m - a scroll of fog {unknown}
Potions
 g - 2 potions of degeneration {unknown}
 h - a potion of ambrosia
 j - a potion of curing {unknown}
 k - 3 potions of flight {unknown}
 l - a potion of agility {unknown}


   Skills:
 + Level 2.3 Fighting
 + Level 2.8 Short Blades
 + Level 2.1 Throwing
 + Level 2.0 Dodging
 + Level 6.4 Stealth


You had 2 spell levels left.
You didn't know any spells.
Your spell library was empty.

Dungeon Overview and Level Annotations

Branches:
Dungeon (2/15)

Altars:


Innate Abilities, Weirdness & Mutations

You do not eat.
Your natural rate of healing is unusually fast.
You have razor-sharp teeth.
You have supernaturally acute eyesight. (SInv)
You can survive without breathing.


Message History

You hit the gnoll.
The gnoll is severely wounded.
The gnoll barely misses you.
You barely miss the gnoll.
The gnoll is severely wounded.
The gnoll hits you with a +0 spear.
You closely miss the gnoll.
The gnoll is severely wounded.
The gnoll hits you with a +0 spear.
You hit the gnoll.
The gnoll is almost dead.
The gnoll hits you with a +0 spear.
You closely miss the gnoll. Your bite misses the gnoll.
The gnoll is almost dead.
The gnoll hits you with a +0 spear.
* * * LOW HITPOINT WARNING * * *
You hit the gnoll but do no damage.
The gnoll is almost dead.
The gnoll hits you with a +0 spear!
You die...

#.....##.#<.......$..#
#.....#..............#
#....<#...............
.##....(†(..............
.......(................
#.......#...)...........
##......(..>...........#
.$.......)........†....#
##..###@#..............#
..... #g#..............#
.....#(g#.....#.(.....#.
.. ....######.#.........
>..........#.........
.....#####...........
(#....K..##.#.........
..##.................#.
.#(...........##


You could see 2 gnolls.

Vanquished Creatures
  2 gnolls
  An adder (D:1)
  A dart slug (D:2)
  6 goblins
  6 hobgoblins
  6 kobolds
  A ball python (D:1)
  A bat (D:1)
  3 frilled lizards
  9 rats
36 creatures vanquished.

Notes
Turn   | Place    | Note
-------+----------+-------------------------------------------
     0 | D:1      | Krouwed the Vampire Assassin began the quest for the Orb.
     0 | D:1      | Reached XP level 1. HP: 16/16 MP: 1/1
   251 | D:1      | Reached skill level 6 in Stealth
   253 | D:1      | Reached XP level 2. HP: 22/22 MP: 2/2
   828 | D:2      | Reached XP level 3. HP: 20/27 MP: 3/3
  1001 | D:2      | Slain by a gnoll

Levels and vault maps discovered:
D:1:      psy_arrival_statuary, layout_basic, minmay_small_reverse_x
D:2:      layout_rooms, minmay_split_cup_large

Skill      XL: |  1  2  3 |
---------------+----------+-----
Stealth        | 6 |  6.4
Fighting       | 2 |  2.3
Throwing       | 2 |  2.1
Dodging        | 2 |  2.0
Short Blades   | |  2.8

Action                   || total
-------------------------++-------
Melee: Dagger            ||    98
       Bite              ||    10
Throw: Dart              ||    20
  Use: Scroll            ||     1
 Stab: Sleeping          ||     7
Armor: Robe              ||    16
Dodge: Dodged            ||    32

Table legend:
 A = Non-vault XP
 B = Vault XP
 C = Vault XP percentage of total XP
 D = Non-vault monster count
 E = Vault monster count
 F = Vault count percentage of total count
                 A         B        C        D         E       F
            +---------+---------+-------+---------+---------+-------
      Total |      87 |       5 |   5.4 |      32 |       4 |  11.1
            +---------+---------+-------+---------+---------+-------
        D:1 |      58 |       5 |   7.9 |      23 |       4 |  14.8
        D:2 |      29 |       0 |   0.0 |       9 |       0 |   0.0
            +---------+---------+-------+---------+---------+-------
